3A
PUT-IN-BAY BC @ MT. VERNON BULLS
05/17/2038
 
TOP OF THE 1ST
Put-In-Bay BC batting - Pitching for Mt. Vernon Bulls : RHP Francisco Esposo
Pitching: RHP Francisco Esposo
Batting: RHB Eduard Argelander 0-0: Ball
1-0: Ball
2-0: Fly out, F3 (Line Drive, 3, EV 70.0 MPH)
Batting: LHB Javier Castro 0-0: Ball
1-0: Ball
2-0: Ball
3-0: Called Strike
3-1: Called Strike
3-2: Fly out, F7 (Flyball, 7S, EV 88.1 MPH)
Batting: LHB Snow Wang 0-0: Foul Ball, location: 2F
0-1: Called Strike
0-2: Ball
1-2: Foul Ball, location: 2F
1-2: DOUBLE (Flyball, 8LXD, EV 100.6 MPH)
Batting: SHB 聲gel Garc燰 0-0: Foul Ball, location: 2F
0-1: Foul Ball, location: 2F
0-2: Ball
1-2: SINGLE (Groundball, 4MD, EV 98.8 MPH)
Snow Wang to third
Runner from 3rd tries for Home, SAFE, no throw by CF
Batting: LHB Wyatt Quick 0-0: Ball
1-0: Ball
2-0: Called Strike
2-1: Ball
3-1: Base on Balls
聲gel Garc燰 to second
Batting: RHB Tom Hendrickson 0-0: Ball
1-0: Ball
2-0: Foul Ball, location: 2F
2-1: Called Strike
2-2: Ball
3-2: Foul Ball, location: 2F
3-2: Foul Ball, location: 2F
3-2: Ground out 5-3 (Groundball, 56, EV 76.9 MPH)
Top of the 1st over - 1 run, 2 hits, 0 errors, 2 left on base; Put-In-Bay 1 - Mt. Vernon 0
BOTTOM OF THE 1ST
Mt. Vernon Bulls batting - Pitching for Put-In-Bay BC : RHP Jeremy Brody
Pitching: RHP Jeremy Brody
Batting: RHB Francisco Ort瞵 0-0: Foul Ball, location: 2F
0-1: Ball
1-1: Ball
2-1: Ball
3-1: Base on Balls
Batting: LHB Ben Bullock 0-0: Ball
1-0: Foul Ball, location: 2F
1-1: Called Strike
1-2: Ball
2-2: Fielders Choice at 2nd, 1-6 (Groundball, 34S, EV 67.5 MPH)
Batting: RHB Cyrillo Watson 0-0: Ball
1-0: Ball
2-0: Ball
3-0: Base on Balls
Ben Bullock to second
Batting: LHB Philip Todd 0-0: Ball
1-0: Ball
2-0: Called Strike
2-1: Ball
3-1: Base on Balls
Ben Bullock to third
Cyrillo Watson to second
Batting: RHB Maema Njongmeta 0-0: Ball
1-0: Ball
2-0: Fly out, F8 (Flyball, 8RM, EV 92.5 MPH)
Runner from 3rd tags up, OUT at HOME! 8-2
Bottom of the 1st over - 0 runs, 0 hits, 0 errors, 2 left on base; Put-In-Bay 1 - Mt. Vernon 0
TOP OF THE 2ND
Put-In-Bay BC batting - Pitching for Mt. Vernon Bulls : RHP Francisco Esposo
Batting: RHB Martin Payton 0-0: Ball
1-0: Ball
2-0: Called Strike
2-1: Foul Ball, location: 2F
2-2: Foul Ball, location: 2F
2-2: Ball
3-2: Fly out, F8 (Flyball, 89D, EV 94.4 MPH)
Batting: RHB Kent Potter 0-0: Ball
1-0: Swinging Strike
1-1: Swinging Strike
1-2: Foul Ball, location: 2F
1-2: Foul Ball, location: 2F
1-2: Foul Ball, location: 2F
1-2: Foul Ball, location: 2F
1-2: SINGLE (Groundball, 34, EV 86.9 MPH) (infield hit)
Batting: RHB Victor Haley 0-0: Called Strike
0-1: Foul Ball, location: 2F
0-2: Ball
1-2: Ball
2-2: Ball
Wild Pitch!
Kent Potter to second
3-2: Strikes out swinging
Batting: RHB Eduard Argelander 0-0: Ball
1-0: Foul Ball, location: 2F
1-1: SINGLE (Flyball, 9LS, EV 94.4 MPH)
Kent Potter to third
Runner from 3rd tries for Home, SAFE, throw by RF to home
Batting: LHB Javier Castro 0-0: Ball
1-0: Fly out, F9 (Flyball, 9LS, EV 86.9 MPH)
Top of the 2nd over - 1 run, 2 hits, 0 errors, 1 left on base; Put-In-Bay 2 - Mt. Vernon 0
BOTTOM OF THE 2ND
Mt. Vernon Bulls batting - Pitching for Put-In-Bay BC : RHP Jeremy Brody
Batting: RHB Doug Page 0-0: Called Strike
0-1: Ball
1-1: Called Strike
1-2: Ground out 5-3 (Groundball, 56, EV 114.4 MPH)
Batting: RHB Aaron Tuttle 0-0: Swinging Strike
0-1: Hit by Pitch
Batting: RHB Mike O'Neill 0-0: Ball
1-0: Ball
Aaron Tuttle steals 2nd base
2-0: Called Strike
2-1: Ball
3-1: Foul Ball, location: 2F
3-2: SINGLE (Groundball, 4MD, EV 96.9 MPH)
Aaron Tuttle to third
Runner from 3rd tries for Home, throw by CF and OUT! 8-2
Batting: RHB Claudio Corona 0-0: Ball
1-0: Ball
2-0: Fielders Choice at 2nd, 6-4 (Groundball, 6, EV 107.5 MPH)
Bottom of the 2nd over - 0 runs, 1 hit, 0 errors, 1 left on base; Put-In-Bay 2 - Mt. Vernon 0
TOP OF THE 3RD
Put-In-Bay BC batting - Pitching for Mt. Vernon Bulls : RHP Francisco Esposo
Batting: LHB Snow Wang 0-0: Ball
1-0: Ball
2-0: Ground out 4-3 (Groundball, 34D, EV 105.0 MPH)
Batting: SHB 聲gel Garc燰 0-0: Ball
1-0: Ball
2-0: Ball
3-0: Called Strike
3-1: Base on Balls
Batting: LHB Wyatt Quick 0-0: Ball
1-0: Called Strike
1-1: Swinging Strike
1-2: Ball
2-2: Foul Ball, location: 2F
2-2: Fly out, F8 (Line Drive, 8RM, EV 84.4 MPH)
Batting: RHB Tom Hendrickson 0-0: Ground out 4-3 (Groundball, 34, EV 92.5 MPH)
Top of the 3rd over - 0 runs, 0 hits, 0 errors, 1 left on base; Put-In-Bay 2 - Mt. Vernon 0
BOTTOM OF THE 3RD
Mt. Vernon Bulls batting - Pitching for Put-In-Bay BC : RHP Jeremy Brody
Batting: RHB Francisco Ort瞵 0-0: Called Strike
0-1: Called Strike
0-2: Ball
1-2: Ball
2-2: Ball
3-2: Foul Ball, location: 2F
3-2: Strikes out looking
Batting: LHB Ben Bullock 0-0: Ball
1-0: Ball
2-0: Ball
3-0: Base on Balls
Batting: RHB Cyrillo Watson 0-0: Called Strike
0-1: Ball
1-1: Fly out, F7 (Flyball, 78D, EV 82.5 MPH)
Batting: LHB Philip Todd 0-0: Swinging Strike
0-1: Ball
1-1: Foul Ball, location: 2F
1-2: Strikes out swinging
Bottom of the 3rd over - 0 runs, 0 hits, 0 errors, 1 left on base; Put-In-Bay 2 - Mt. Vernon 0
TOP OF THE 4TH
Put-In-Bay BC batting - Pitching for Mt. Vernon Bulls : RHP Francisco Esposo
Batting: RHB Martin Payton 0-0: Called Strike
0-1: Called Strike
0-2: Reached on error, E5 (Groundball, 56, EV 107.5 MPH)
Batting: RHB Kent Potter 0-0: Ball
1-0: Ball
2-0: Called Strike
2-1: Swinging Strike
2-2: Strikes out looking
Batting: RHB Victor Haley 0-0: Called Strike
0-1: TRIPLE (Flyball, 78XD, EV 89.4 MPH)
Martin Payton scores
Batting: RHB Eduard Argelander 0-0: Called Strike
0-1: Called Strike
0-2: Ball
1-2: Ball
2-2: Foul Ball, location: 2F
2-2: Foul Ball, location: 2F
2-2: Ball
3-2: Ground out 4-3 (Groundball, 34, EV 79.4 MPH)
Victor Haley scores
Batting: LHB Javier Castro 0-0: Called Strike
0-1: Ball
1-1: Ball
2-1: Foul Ball, location: 2F
2-2: Foul Ball, location: 2F
2-2: Strikes out swinging
Top of the 4th over - 2 runs, 1 hit, 1 error, 0 left on base; Put-In-Bay 4 - Mt. Vernon 0
BOTTOM OF THE 4TH
Mt. Vernon Bulls batting - Pitching for Put-In-Bay BC : RHP Jeremy Brody
Batting: RHB Maema Njongmeta 0-0: Swinging Strike
0-1: Foul Ball, location: 2F
0-2: Fly out, F6 (Line Drive, 6, EV 77.5 MPH)
Batting: RHB Doug Page 0-0: Called Strike
0-1: Ball
1-1: Fly out, F7 (Line Drive, 7D, EV 90.0 MPH)
Batting: RHB Aaron Tuttle 0-0: Foul Ball, location: 2F
0-1: Ball
1-1: Ground out 5-3 (Groundball, 25, EV 69.4 MPH)
Bottom of the 4th over - 0 runs, 0 hits, 0 errors, 0 left on base; Put-In-Bay 4 - Mt. Vernon 0
TOP OF THE 5TH
Put-In-Bay BC batting - Pitching for Mt. Vernon Bulls : RHP Francisco Esposo
Batting: LHB Snow Wang 0-0: Ball
1-0: Ball
2-0: Ball
3-0: Called Strike
3-1: Called Strike
3-2: Foul Ball, location: 2F
3-2: Base on Balls
Pitching: LHP Laurens Bancroft
Batting: SHB 聲gel Garc燰 0-0: Called Strike
0-1: Grounds into double play, 6-4-3 (Groundball, 6S, EV 78.8 MPH)
Batting: LHB Wyatt Quick 0-0: Called Strike
0-1: Swinging Strike
0-2: Strikes out swinging
Top of the 5th over - 0 runs, 0 hits, 0 errors, 0 left on base; Put-In-Bay 4 - Mt. Vernon 0
BOTTOM OF THE 5TH
Mt. Vernon Bulls batting - Pitching for Put-In-Bay BC : RHP Jeremy Brody
Batting: RHB Mike O'Neill 0-0: Swinging Strike
0-1: Foul Ball, location: 2F
0-2: Ball
1-2: Ball
2-2: Fly out, F8 (Flyball, 8RD, EV 80.0 MPH)
Batting: RHB Claudio Corona 0-0: Ball
1-0: Foul Ball, location: 2F
1-1: Ball
2-1: Called Strike
2-2: Foul Ball, location: 2F
2-2: Foul Ball, location: 2F
2-2: Foul Ball, location: 2F
2-2: Fly out, F5 (Popup, 56S, EV 77.5 MPH)
Batting: RHB Francisco Ort瞵 0-0: Ball
1-0: Ground out 5-3 (Groundball, 56, EV 102.5 MPH)
Bottom of the 5th over - 0 runs, 0 hits, 0 errors, 0 left on base; Put-In-Bay 4 - Mt. Vernon 0
TOP OF THE 6TH
Put-In-Bay BC batting - Pitching for Mt. Vernon Bulls : LHP Laurens Bancroft
Batting: RHB Tom Hendrickson 0-0: Called Strike
0-1: Ball
1-1: Foul Ball, location: 2F
1-2: Fly out, F8 (Flyball, 89D, EV 103.8 MPH)
Batting: RHB Martin Payton 0-0: Swinging Strike
0-1: Ball
1-1: Ball
2-1: Called Strike
2-2: SINGLE (Line Drive, 7S, EV 103.1 MPH)
Batting: RHB Kent Potter 0-0: Ball
1-0: Ball
2-0: Ball
3-0: Base on Balls
Martin Payton to second
Batting: RHB Victor Haley 0-0: Ball
1-0: Ball
2-0: Called Strike
2-1: Foul Ball, location: 2F
2-2: Foul Ball, location: 2F
2-2: Foul Ball, location: 2F
2-2: Ball
3-2: Strikes out swinging
Batting: RHB Eduard Argelander 0-0: Ball
1-0: Foul Ball, location: 2F
1-1: Ground out 4-3 (Groundball, 4MS, EV 80.6 MPH)
Top of the 6th over - 0 runs, 1 hit, 0 errors, 2 left on base; Put-In-Bay 4 - Mt. Vernon 0
BOTTOM OF THE 6TH
Mt. Vernon Bulls batting - Pitching for Put-In-Bay BC : RHP Jeremy Brody
Batting: LHB Ben Bullock 0-0: Called Strike
0-1: Ball
1-1: Fly out, F8 (Flyball, 8RXD, EV 106.2 MPH)
Batting: RHB Cyrillo Watson 0-0: Foul Ball, location: 2F
0-1: Ball
1-1: Foul Ball, location: 2F
1-2: Strikes out swinging
Batting: LHB Philip Todd 0-0: Ball
1-0: Ball
2-0: Ball
3-0: Base on Balls
Batting: RHB Maema Njongmeta 0-0: Ball
Pickoff Throw to First - Out! 1-3
Bottom of the 6th over - 0 runs, 0 hits, 0 errors, 0 left on base; Put-In-Bay 4 - Mt. Vernon 0
TOP OF THE 7TH
Put-In-Bay BC batting - Pitching for Mt. Vernon Bulls : LHP Laurens Bancroft
Batting: LHB Javier Castro 0-0: Ball
1-0: Foul Ball, location: 2F
1-1: Foul Ball, location: 2F
1-2: Ball
2-2: Fly out, F8 (Line Drive, 8LD, EV 91.2 MPH)
Batting: LHB Snow Wang 0-0: Ball
1-0: Called Strike
1-1: Ball
2-1: Ball
3-1: Called Strike
3-2: SINGLE (Groundball, 34D, EV 97.5 MPH)
Batting: SHB 聲gel Garc燰 0-0: Ball
1-0: Foul Ball, location: 2F
1-1: Ball
2-1: Ball
3-1: Swinging Strike
3-2: Fly out, F3 (Popup, 34, EV 63.8 MPH)
Batting: LHB Wyatt Quick 0-0: Called Strike
0-1: Ball
1-1: DOUBLE (Line Drive, 9LS, EV 100.0 MPH)
Snow Wang to third
Batting: RHB Tom Hendrickson 0-0: Ball
1-0: Ball
2-0: Fly out, F7 (Flyball, 7, EV 83.8 MPH)
Top of the 7th over - 0 runs, 2 hits, 0 errors, 2 left on base; Put-In-Bay 4 - Mt. Vernon 0
BOTTOM OF THE 7TH
Mt. Vernon Bulls batting - Pitching for Put-In-Bay BC : RHP Jeremy Brody
Batting: RHB Maema Njongmeta 0-0: Ball
1-0: Ball
2-0: Ball
3-0: Called Strike
3-1: Foul Ball, location: 2F
3-2: Strikes out swinging
Batting: RHB Doug Page 0-0: Called Strike
0-1: DOUBLE (Line Drive, 7LS, EV 88.8 MPH)
Batting: RHB Aaron Tuttle 0-0: Ball
1-0: Ball
2-0: Foul Ball, location: 2F
2-1: Foul Ball, location: 2F
2-2: Strikes out swinging
Batting: RHB Mike O'Neill 0-0: DOUBLE (Flyball, 7D, EV 108.1 MPH)
Doug Page scores
Batting: RHB Claudio Corona 0-0: Ground out 5-3 (Groundball, 56S, EV 72.5 MPH)
Bottom of the 7th over - 1 run, 2 hits, 0 errors, 1 left on base; Put-In-Bay 4 - Mt. Vernon 1
TOP OF THE 8TH
Put-In-Bay BC batting - Pitching for Mt. Vernon Bulls : LHP Laurens Bancroft
Batting: RHB Martin Payton 0-0: Called Strike
0-1: Ball
1-1: Ball
2-1: Ground out 5-3 (Groundball, 5L, EV 83.1 MPH)
Batting: RHB Kent Potter 0-0: Ball
1-0: Called Strike
1-1: Ground out 4-3 (Groundball, 34, EV 83.1 MPH)
Batting: RHB Victor Haley 0-0: Ball
1-0: Called Strike
1-1: Ball
2-1: Called Strike
2-2: Strikes out swinging
Top of the 8th over - 0 runs, 0 hits, 0 errors, 0 left on base; Put-In-Bay 4 - Mt. Vernon 1
BOTTOM OF THE 8TH
Mt. Vernon Bulls batting - Pitching for Put-In-Bay BC : RHP Jeremy Brody
Batting: RHB Francisco Ort瞵 0-0: Called Strike
0-1: Ball
1-1: Foul Ball, location: 2F
1-2: Foul Ball, location: 2F
1-2: Foul Ball, location: 2F
1-2: Ball
2-2: Strikes out swinging
Pitching: RHP Dennis van Putten
Batting: LHB Ben Bullock 0-0: Called Strike
0-1: Bunted foul
0-2: Ball
1-2: Foul Ball, location: 2F
1-2: Ball
2-2: Strikes out looking
Batting: RHB Cyrillo Watson 0-0: Foul Ball, location: 2F
0-1: Ball
1-1: Fly out, F8 (Flyball, 8LD, EV 102.5 MPH)
Bottom of the 8th over - 0 runs, 0 hits, 0 errors, 0 left on base; Put-In-Bay 4 - Mt. Vernon 1
TOP OF THE 9TH
Put-In-Bay BC batting - Pitching for Mt. Vernon Bulls : LHP Laurens Bancroft
Pitching: RHP Stewart Hall
Batting: RHB Eduard Argelander 0-0: Foul Ball, location: 2F
0-1: Ground out 5-3 (Groundball, 56S, EV 85.0 MPH)
Batting: LHB Javier Castro 0-0: DOUBLE (Line Drive, 78M, EV 92.5 MPH)
Batting: LHB Snow Wang 0-0: Called Strike
0-1: Called Strike
0-2: Foul Ball, location: 2F
0-2: Ground out 3-1 (Groundball, 34, EV 84.4 MPH)
Javier Castro to third
Batting: SHB 聲gel Garc燰 0-0: Intentional Walk
Batting: LHB Wyatt Quick 0-0: Fly out, F9 (Flyball, 9, EV 85.6 MPH)
Top of the 9th over - 0 runs, 1 hit, 0 errors, 2 left on base; Put-In-Bay 4 - Mt. Vernon 1
BOTTOM OF THE 9TH
Mt. Vernon Bulls batting - Pitching for Put-In-Bay BC : RHP Dennis van Putten
Pitching: RHP Adam Durango
Batting: LHB Philip Todd 0-0: Swinging Strike
0-1: Ball
1-1: Called Strike
1-2: Fly out, F8 (Flyball, 8RS, EV 90.6 MPH)
Batting: RHB Maema Njongmeta 0-0: SINGLE (Groundball, 34D, EV 103.1 MPH)
Batting: RHB Doug Page 0-0: Grounds out, U3 (Groundball, 3L, EV 90.6 MPH)
Batting: RHB Aaron Tuttle 0-0: Ball
1-0: Called Strike
1-1: Foul Ball, location: 2F
1-2: Ball
2-2: Foul Ball, location: 2F
2-2: Ball
3-2: Fly out, F5 (Line Drive, 56, EV 85.0 MPH)
Bottom of the 9th over - 0 runs, 1 hit, 0 errors, 1 left on base; Put-In-Bay 4 - Mt. Vernon 1
Friday, April 17th, 2020 - OOTP Baseball 20.8 Build 74